 Dungeon Crawl Stone Soup version 0.31-a0-175-g9f7f995f2b (webtiles) character file.

Game seed: 711992457249046812

82 qw the Shooter (level 4, -4/40 HPs)
             Began as a Naga Hunter on June 17, 2023.
             Slain by a gnoll
             ... wielding a +0 halberd
              (13 damage)
             ... on level 3 of the Dungeon.
             The game lasted 00:00:33 (1757 turns).

qw the Shooter (Naga Hunter)                        Turns: 1757, Time: 00:00:34

Health: -4/40      AC:  2    Str: 14    XL:     4   Next: 43%
Magic:  4/4        EV: 14    Int:  9    God:
Gold:   146        SH:  0    Dex: 16    Spells: 3/3 levels left

rFire   . . .        Y - +0 shortbow
rCold   . . .        (shield currently unavailable)
rNeg    . . .        c - +0 leather armour
rPois   +            (no helmet)
rElec   .            (no cloak)
rCorr   +            (no gloves)
SInv    +            (no barding)
Will    .....        (no amulet)
Stlth   ++           b - ring of resist corrosion
HPRegen 0.26/turn    e - +5 ring of evasion
MPRegen 0.09/turn

%: no passive effects
@: very slow
A: AC +1, large, see invisible, deformed body, poison resistance, slowness 2,
spit poison 1, naga tail 1
a: Spit Poison


You were on level 3 of the Dungeon.
You visited 1 branch of the dungeon, and saw 3 of its levels.

You collected 146 gold pieces.


Innate Abilities, Weirdness & Mutations

Your serpentine skin is tough. (AC +1)
You have supernaturally acute eyesight. (SInv)
Armour fits poorly on your strangely shaped body.
Your system is resistant to poisons. (rPois)
You cover ground very slowly.
You can spit poison.
You have a snake-like lower body.


   Skills:
 + Level 2.6 Fighting
 - Level 5.0 Ranged Weapons
 - Level 1.5 Dodging
 - Level 1.5 Stealth


You had 3 spell levels left.
You didn't know any spells.
Your spell library was empty.

Inventory:

Hand Weapons
 Y - a +0 shortbow (weapon)
Armour
 c - a +0 leather armour (worn)
Jewellery
 b - a ring of resist corrosion (left hand)
 e - a +5 ring of evasion (right hand)
Potions
 d - a potion of curing
 f - a potion of heal wounds {unknown}
 g - 2 potions of lignification {unknown}
 h - a potion of invisibility {unknown}

Dungeon Overview and Level Annotations

Branches:
Dungeon (3/15)

Altars:

Shops:
D:1 [(:[?


Message History

The gnoll is moderately wounded.
A gnoll comes into view. It is wielding a +0 halberd.
You shoot an arrow. The arrow hits the adder.
The adder is lightly wounded.
The adder closely misses you.
You shoot an arrow. The arrow hits the adder.
The adder is heavily wounded.
The gnoll looks more healthy.
The adder closely misses you.
You shoot an arrow. The arrow hits the adder.
The adder is heavily wounded.
You have got your breath back.
The adder closely misses you. The gnoll barely misses you.
1752 ||| INVOKING Spit Poison.
Aiming: Spit Poison (1% risk of failure)
Press: ? - help, Shift-Dir - straight line, f/p - adder The splash of poison misses the adder.
The splash of poison hits the goblin!
The goblin is poisoned.
You kill the goblin!
The adder bites you. The gnoll hits you with a +0 flail!
The adder barely misses you.
You shoot an arrow. The arrow hits the adder.
The adder is severely wounded.
The adder bites you. The gnoll misses you. The gnoll hits you with a +0 flail.
You shoot an arrow. The arrow hits the adder.
You kill the adder!
The gnoll hits you from afar with a +0 halberd.
The gnoll closely misses you. The gnoll misses you.
You shoot an arrow. The arrow hits the gnoll.
The gnoll is severely wounded.
The gnoll closely misses you. x3; The gnoll barely misses you.
The gnoll hits you with a +0 flail! The gnoll misses you.
You shoot an arrow. The arrow hits the gnoll!
You kill the gnoll!
The gnoll completely misses you. x2
You shoot an arrow. The arrow hits the gnoll.
The gnoll is lightly wounded.
You have got your breath back.
The gnoll closely misses you.
The gnoll hits you from afar with a +0 halberd!
You die...

. ..#......#
..#.###....#######.
...........##......
#....###...........
#...##.##.......
###....#<.......
##...............
#.#####...##..###......
#..rg.@........#...#.##
.....g).#####.#.........
.#.#.$..# #.###...#.##
#....# ..# ...#.#/
#....# #.## #.# ##
#....# ######


You could see 2 gnolls and a rat.

Vanquished Creatures
  A gnoll (D:3)
  2 adders
  3 dart slugs
  2 ball pythons
  6 endoplasms
  A giant cockroach (D:1)
  6 goblins
  4 hobgoblins
  A quokka (D:2)
  3 bats (D:2)
  4 frilled lizards
  6 kobolds
  7 rats
46 creatures vanquished.

Notes
Turn   | Place    | Note
-------+----------+-------------------------------------------
     0 | D:1      | qw the Naga Hunter began the quest for the Orb.
     0 | D:1      | Reached XP level 1. HP: 19/19 MP: 1/1
     0 | D:1      | 0 ||| qw: Version: 0.3-a-2-g5ab2908
     0 | D:1      | 0 ||| qw: Game counter: 350
     0 | D:1      | 0 ||| qw: Always use a shield: true
     0 | D:1      | 0 ||| qw: God list: Okawaru
     0 | D:1      | 0 ||| qw: Allow faded altars: false
     0 | D:1      | 0 ||| qw: Do Orc after D:15 true
     0 | D:1      | 0 ||| qw: Do second Lair branch before Depths: true
     0 | D:1      | 0 ||| qw: Lair rune preference: random
     0 | D:1      | 0 ||| qw: Plans: Normal
     0 | D:1      | 0 ||| PLANNING D:1-11
    27 | D:1      | Found a faded altar of an unknown god.
    47 | D:1      | 47 ||| INVOKING Spit Poison.
    83 | D:1      | Found Fuweefi's Magic Scroll Boutique.
    88 | D:1      | 88 ||| INVOKING Spit Poison.
    94 | D:1      | 94 ||| SHOPLISTING scroll of brand weapon (133 gold, have
                  | 0).
    94 | D:1      | 94 ||| SHOPLISTING scroll of teleportation (42 gold, have
                  | 0).
   114 | D:1      | 114 ||| INVOKING Spit Poison.
   115 | D:1      | 115 ||| INVOKING Spit Poison.
   118 | D:1      | 118 ||| INVOKING Spit Poison.
   121 | D:1      | 121 ||| INVOKING Spit Poison.
   124 | D:1      | Reached skill level 4 in Ranged Weapons
   124 | D:1      | Reached XP level 2. HP: 21/26 MP: 2/2
   158 | D:1      | Found Ocuacaff's Antique Armour Shop.
   158 | D:1      | Found Ejathum's Weapon Shop.
   159 | D:1      | 159 ||| INVOKING Spit Poison.
   172 | D:1      | 172 ||| SHOPLISTING pair of glowing gloves (180 gold, have
                  | 0).
   172 | D:1      | 172 ||| SHOPLISTING smoking leather armour (168 gold, have
                  | 0).
   188 | D:1      | 188 ||| INVOKING Spit Poison.
   197 | D:1      | 197 ||| INVOKING Spit Poison.
   226 | D:1      | 226 ||| INVOKING Spit Poison.
   234 | D:1      | 234 ||| INVOKING Spit Poison.
   238 | D:1      | 238 ||| INVOKING Spit Poison.
   277 | D:1      | 277 ||| INVOKING Spit Poison.
   278 | D:1      | Found Iserin's Book Emporium.
   321 | D:1      | Found Koihemmy's Armour Shoppe.
   323 | D:1      | 323 ||| INVOKING Spit Poison.
   327 | D:1      | 327 ||| INVOKING Spit Poison.
   353 | D:1      | 353 ||| SHOPLISTING +2 robe of fire resistance (194 gold,
                  | have 70).
   353 | D:1      | 353 ||| SHOPLISTING +3 crown of Dyrovepreva {rElec Int+2
                  | SInv} (455 gold, have 70).
   396 | D:1      | 396 ||| FLEEEEING.
   397 | D:1      | 397 ||| FLEEEEING.
   400 | D:1      | Reached XP level 3. HP: 30/32 MP: 3/3
   464 | D:1      | 464 ||| INVOKING Spit Poison.
   758 | D:1      | 758 ||| READING 3 scrolls labelled SOATZIMEGO.
   759 | D:1      | 759 ||| READING scroll labelled AHYCY ZYIZEI.
   760 | D:1      | 760 ||| DROPPING 2 scrolls of blinking.
   761 | D:1      | 761 ||| DROPPING scroll of butterflies.
   829 | D:2      | 829 ||| INVOKING Spit Poison.
   877 | D:2      | 877 ||| INVOKING Spit Poison.
   934 | D:2      | 934 ||| INVOKING Spit Poison.
  1035 | D:2      | 1035 ||| INVOKING Spit Poison.
  1147 | D:2      | 1147 ||| INVOKING Spit Poison.
  1186 | D:2      | 1186 ||| INVOKING Spit Poison.
  1313 | D:2      | 1313 ||| INVOKING Spit Poison.
  1385 | D:2      | Reached skill level 5 in Ranged Weapons
  1385 | D:2      | Reached XP level 4. HP: 39/39 MP: 4/4
  1453 | D:2      | 1453 ||| INVOKING Spit Poison.
  1456 | D:2      | 1456 ||| INVOKING Spit Poison.
  1541 | D:2      | 1541 ||| INVOKING Spit Poison.
  1681 | D:2      | 1681 ||| UPGRADING to ring of resist corrosion.
  1682 | D:2      | 1682 ||| UPGRADING to +5 ring of evasion.
  1683 | D:2      | 1683 ||| READING 2 scrolls labelled FEGISU LAVI.
  1684 | D:2      | 1684 ||| DRINKING 2 bubbling silvery potions.
  1685 | D:2      | 1685 ||| DROPPING scroll of amnesia.
  1727 | D:3      | 1727 ||| INVOKING Spit Poison.
  1747 | D:3      | 1747 ||| INVOKING Spit Poison.
  1752 | D:3      | 1752 ||| INVOKING Spit Poison.
  1755 | D:3      | HP: 8/40 [gnoll/+0 flail (7)]
  1757 | D:3      | Slain by a gnoll

Levels and vault maps discovered:
D:1:      psy_arrival_basics, layout_loops_ring, serial_shops, shop, shop, shop,
          shop_fountains, nicolae_diamond_shop,
          ebering_ecumenical_altar_petrified, minivault_4
D:2:      layout_loops_corners
D:3:      gammafunk_steamed_eel, layout_rooms, nicolae_vehumet_radiance,
          tgw_sif, serial_shops, shop, minmay_surrounded, uniq_ijyb, uniq_robin

Skill      XL: |  1  2  3 |
---------------+----------+-----
Ranged Weapons | 4 5 |  5.0
Fighting       | |  2.6
Dodging        | |  1.5
Stealth        | |  1.5

Action                     |  1- 3 |  4- 6 || total
---------------------------+-------+-------++-------
   Fire: Shortbow          |    59 |    12 ||    71
Ability: Spit Poison       |    22 |     6 ||    28
    Use: Scroll            |     2 |     1 ||     3
         Potion            |       |     1 ||     1
 Armour: Leather armour    |     1 |       ||     1
  Dodge: Dodged            |     9 |    18 ||    27

Table legend:
 A = Non-vault XP
 B = Vault XP
 C = Vault XP percentage of total XP
 D = Non-vault monster count
 E = Vault monster count
 F = Vault count percentage of total count
                 A         B        C        D         E       F
            +---------+---------+-------+---------+---------+-------
      Total |     116 |       2 |   1.7 |      44 |       2 |   4.3
            +---------+---------+-------+---------+---------+-------
        D:1 |      43 |       0 |   0.0 |      23 |       0 |   0.0
        D:2 |      42 |       0 |   0.0 |      18 |       0 |   0.0
        D:3 |      31 |       2 |   6.1 |       3 |       2 |  40.0
            +---------+---------+-------+---------+---------+-------
